AoeStats
← Muckel4488

Nomad

508476731Analyzed
2v2 RM · 10d ago on Sep 22, 2026· 28m 36s· 4 players
Game mode
Random Map
Map size
176×176
Population
200
Speed
Normal
Resources
Standard
Victory
Conquest
Starting age
Dark Age
Ending age
Imperial Age
RankedLock teamsTeams togetherTeam positionsShared explorationLock speedFull tech treeHidden civsTurbo modeCheats
Victory
Defeat
🇩🇪 Poles · Germany
708
+17
🇺🇸 Malay · United States
699
+17
🇨🇦 Franks · Canada
774
-19
🇺🇸 Britons · United States
686
-15
Muckel4488
14:12 Feudal Age
14:38 Man-at-Arms
17:27 Wheelbarrow
17:50 Fishing Lines
18:39 Arson
20:18 Double-Bit Axe
21:19 Town Watch
23:11 Scale Mail Armor
26:21 Horse Collar
27:51 Forging
tstien40
4:13 Loom
17:07 Feudal Age
17:34 Fishing Lines
23:06 Castle Age
21:51 Double-Bit Axe
21:49 Horse Collar
23:00 Forging
23:10 Gillnets
26:01 Iron Casting
26:07 Squires
25:52 Arson
28:47 Heavy Plow
BlackKnight_01
6:50 Loom
15:23 Feudal Age
17:41 Wheelbarrow
16:57 Double-Bit Axe
17:07 Gold Mining
17:12 Stone Mining
21:58 Fletching
22:14 Scale Barding Armor
22:19 Forging
25:04 Castle Age
26:21 Hand Cart
26:21 Bow Saw
27:08 Gold Shaft Mining
KingJerold22
16:27 Feudal Age
17:03 Double-Bit Axe
17:02 Horse Collar
17:30 Gold Mining
17:53 Fishing Lines
20:30 Stone Mining
24:47 Castle Age
Connection lost

Rejoining the realm…

Still unreachable

The connection could not be restored.

Session expired

The server has moved on; the page needs a fresh start.